 Dungeon Crawl Stone Soup version 0.17-a0-1850-g688e747 (webtiles) character file.

14564 Banto the Spear-Bearer (level 11, -2/87 HPs)
             Began as a Demonspawn Gladiator on Sept 19, 2015.
             Was a High Priest of Okawaru.
             Slain by a minotaur
             ... wielding a +4 rod of inaccuracy (2/11)
              (24 damage)
             ... in a labyrinth.
             The game lasted 00:27:12 (13974 turns).

Banto the Spear-Bearer (Demonspawn Gladiator)      Turns: 13974, Time: 00:27:12

Health: -2/87      AC: 19    Str: 14    XL:     11   Next: 90%
Magic:  0/11       EV: 16    Int: 12    God:    Okawaru [*****.]
Gold:   337        SH:  2    Dex: 16    Spells: 0 memorised, 10 levels left

rFire  + . .     SeeInvis .     a - +1 trident
rCold  . . .     Clarity  .     t - +3 leather armour {rF+}
rNeg   . . .     SustAt   .     (no shield)
rPois  .         Gourm    .     M - +1 helmet "Ducwaiwa" {Int+4 Slay+5}
rElec  .         Spirit   +     E - +2 cloak
rCorr  .         Warding  .     k - +2 pair of gloves
rMut   .         Stasis   .     (no boots)
MR     ++...                    p - amulet of regeneration
Stlth  +++.......               x - +3 ring of slaying
                                L - +1 ring of slaying

@: heroism, invisible, very resistant to hostile enchantments, fairly stealthy
A: claws 2, large bone plates 1, dopey 1, magic resistance 2, weak 1, magic
shield, MP-powered wands
a: Heroism, Finesse, Renounce Religion


You were in a labyrinth.
You worshipped Okawaru.
Okawaru was extremely pleased with you.
You were hungry.

You visited 3 branches of the dungeon, and saw 15 of its levels.
You also visited: Labyrinth and Sewer.

You collected 841 gold pieces.
You spent 504 gold pieces at shops.

Inventory:

Hand weapons
 a - a +1 trident (weapon)
Missiles
 n - 16 tomahawks (quivered)
 G - 5 silver javelins
Armour
 k - a +2 pair of gloves (worn)
 t - a +3 leather armour of fire resistance (worn)
 y - a +2 leather armour of cold resistance
 E - a +2 cloak (worn)
 M - the +1 helmet "Ducwaiwa" (worn) {Int+4 Slay+5}
   (You bought it in a shop on level 4 of the Dungeon)

   It affects your intelligence (+4).
   It affects your accuracy and damage with ranged weapons and melee attacks
   (+5).
Jewellery
 m - an uncursed ring of flight
 p - an amulet of regeneration (around neck)
 u - an uncursed ring of invisibility
 x - a +3 ring of slaying (right hand)
 L - a +1 ring of slaying (left hand)
Magical devices
 c - a wand of digging (15)
 d - a wand of lightning (8)
 w - a wand of polymorph (5)
 B - a wand of hasting (8)
 K - a wand of magic darts (25)
 N - a wand of frost (18)
Scrolls
 f - 2 scrolls of teleportation
 h - a scroll of recharging
 i - 3 scrolls of enchant weapon
 o - 2 scrolls of fear
 r - a scroll of blinking
 z - 3 scrolls of magic mapping
 C - 2 scrolls of remove curse
 I - a scroll of fog
Potions
 g - 2 potions of curing
 j - 4 potions of heal wounds
 q - a potion of might
 v - 2 potions of brilliance
 A - 3 potions of cancellation
 H - 2 potions of agility
Comestibles
 b - 9 meat rations
 e - 11 bread rations
 l - 2 slices of pizza
 F - 4 fruits
 P - 2 beef jerkies


   Skills:
 + Level 8.5(13.5) Fighting
 - Level 14.0(19.0) Polearms
 - Level 1.7(6.7) Throwing
 + Level 7.5(12.5) Armour
 - Level 2.6(7.6) Dodging


You had 10 spell levels left.
You didn't know any spells.

Dungeon Overview and Level Annotations

Branches:
Dungeon (11/15)            Temple (1/1) D:7            Lair (3/8) D:8
    Orc (0/4) D:9
  Swamp: Lair:3-6    Shoals: Lair:3-6     Snake: Lair:3-6    Spider: Lair:3-6

Altars:
Ashenzari
Cheibriados
Dithmenos
Elyvilon
Fedhas
Gozag
Kikubaaqudgha
Makhleb
Nemelex Xobeh
Okawaru
Qazlal
Ru
Sif Muna
Trog
Vehumet
Xom
Yredelemnul
Zin
The Shining One

Shops:
D:4 [


Innate Abilities, Weirdness & Mutations

You have very sharp fingernails.
You are partially covered in large bone plates (AC +2, SH +2).
When hurt, damage is shared between your health and your magic reserves.
You are dopey. (Int -2)
You are highly resistant to hostile enchantments.
You are weak. (Str -2)
You expend magic power (3 MP) to strengthen your wands.


Message History

You feel slightly more hungry. You block the minotaur's attack.
The minotaur gores you but does no damage.
You hit the minotaur but do no damage.
The minotaur is severely wounded.
The minotaur hits you with a rod of inaccuracy!
The minotaur gores you.
You puncture the minotaur!
The minotaur is severely wounded.
You hit the minotaur.
The minotaur is severely wounded.
The minotaur hits you with a rod of inaccuracy!!
* * * LOW HITPOINT WARNING * * *
The minotaur gores you but does no damage.
You are too injured to fight recklessly!
Evoke which item? (* to show all) (? for menu, Esc to quit)
Okay, then.
Drink which item? (? for menu, Esc to quit)
You fade into invisibility!
The minotaur hits you with a rod of inaccuracy!!
You die...

. .# .#####.
### .# . ...
#.# # # #.#
# #.#... . .
.## ##. .##
. ##. ....
.. ....! .#
# . .#######
# ##
.#...@.#.#
.. #
..#.###H#.#.
# . #.#
.#.#. # # #
.# . # # .#
# .#. . . #
#.# .# #. .
.#.#####. .
. . . . # ##
# #..######
##.. .#


You could see a minotaur.

Vanquished Creatures
  A hydra (Lair:1)
  A hill giant (D:11)
  Pikel (D:4)
  A black mamba (Lair:2)
  2 komodo dragons
  3 spiny frogs
  A two-headed ogre (D:7)
  Grinder (D:3)
  A spriggan (D:11)
  A deep elf fighter (D:8)
  25 yaks
  Eustachio (D:4)
  2 hippogriffs
  6 water moccasins
  A porcupine (Lair:2)
  Duvessa (D:5)
  4 orc warriors
  A necrophage (D:9)
  3 sky beasts
  2 black bears
  3 phantoms
  An ice beast (D:10)
  4 centaurs
  4 big kobolds
  5 crocodiles
  7 giant frogs
  Dowan (D:5)
  3 water moccasin zombies
  14 killer bees
  5 wights (D:9)
  7 jellies
  A quasit (D:6)
  A centaur zombie (D:6)
  3 crimson imps
  10 orc priests
  6 orc wizards
  A centaur skeleton (D:7)
  3 giant frog zombies (D:8)
  4 giant frog skeletons
  5 iguanas
  2 hounds
  5 worker ants
  6 sheep (Lair:1)
  A hound zombie (D:5)
  A hound skeleton (D:4)
  3 gnolls (D:8)
  A worker ant zombie (D:7)
  7 river rats
  9 adders
  2 shadow imps
  2 oozes
  4 worms
  13 giant geckos
  25 orcs
  A hobgoblin (D:3)
  12 jackals
  A quokka (D:5)
  19 bats
  5 giant cockroaches
  6 giant newts
  10 goblins
  10 kobolds
  2 quokka skeletons
  A quokka zombie (D:10)
  26 rats
321 creatures vanquished.

Vanquished Creatures (others)
  A slave (D:4)
  An orc wizard (D:4)
  An ooze (D:4)
  2 orcs (D:4)
  3 fungi
  A plant (Lair:3)
9 creatures vanquished.

Grand Total: 330 creatures vanquished

Notes
Turn   | Place    | Note
--------------------------------------------------------------
     0 | D:1      | Banto the Demonspawn Gladiator began the quest for the Orb.
     0 | D:1      | Reached XP level 1. HP: 16/16 MP: 1/1
   146 | D:1      | Reached skill level 3 in Polearms
   197 | D:1      | Gained mutation: You have sharp fingernails. [demonic ancestry]
   197 | D:1      | Reached XP level 2. HP: 22/22 MP: 2/2
   843 | D:2      | Gained mutation: When hurt, damage is shared between your health and your magic reserves. [demonic ancestry]
   843 | D:2      | Reached XP level 3. HP: 13/27 MP: 3/3
  1049 | D:2      | Reached skill level 4 in Polearms
  1279 | D:2      | Found a glowing golden altar of the Shining One.
  1509 | D:2      | Gained mutation: You are partially covered in large bone plates (AC +2, SH +2). [demonic ancestry]
  1509 | D:2      | Reached XP level 4. HP: 29/33 MP: 2/4
  1926 | D:3      | Found a faded altar to an unknown god.
  2065 | D:3      | Noticed Grinder
  2065 | D:3      | Paralysed by Grinder for 2 turns
  2087 | D:3      | Paralysed by Grinder for 4 turns
  2117 | D:3      | Paralysed by Grinder for 6 turns
  2129 | D:3      | Killed Grinder
  2129 | D:3      | Reached skill level 6 in Polearms
  2129 | D:3      | Reached XP level 5. HP: 6/38 MP: 1/5
  2129 | D:3      | Reached XP level 6. HP: 6/44 MP: 1/6
  2594 | D:3      | Found a shimmering altar of Xom.
  2822 | D:4      | Found Watsan's Armour Emporium.
  3017 | D:4      | Noticed Pikel
  3042 | D:4      | Killed Pikel
  3042 | D:4      | Reached skill level 8 in Polearms
  3042 | D:4      | Reached XP level 7. HP: 30/50 MP: 7/7
  3096 | D:4      | Found a glowing drain.
  3156 | Sewer    | Entered a sewer
  3265 | Sewer    | Reached XP level 8. HP: 56/56 MP: 8/8
  3326 | Sewer    | Reached skill level 9 in Polearms
  3531 | D:4      | Noticed Eustachio
  3592 | D:4      | Killed Eustachio
  3906 | D:5      | Entered Level 5 of the Dungeon
  3985 | D:5      | Reached skill level 10 in Polearms
  3991 | D:5      | Gained mutation: You are dopey. (Int -2) [potion of mutation]
  3991 | D:5      | Gained mutation: You expend magic power (3 MP) to strengthen your wands. [potion of mutation]
  3991 | D:5      | Gained mutation: You are weak. (Str -2) [potion of mutation]
  4271 | D:5      | Noticed Duvessa
  4281 | D:5      | Noticed Dowan
  4708 | D:5      | Killed Duvessa
  4716 | D:5      | Killed Dowan
  4893 | D:6      | Reached skill level 11 in Polearms
  4893 | D:6      | Gained mutation: You have very sharp fingernails. [demonic ancestry]
  4893 | D:6      | Reached XP level 9. HP: 61/61 MP: 9/9
  5812 | D:7      | Found a staircase to the Ecumenical Temple.
  5823 | Temple   | Entered the Ecumenical Temple
  5839 | Temple   | Became a worshipper of Warmaster Okawaru
  5969 | D:7      | Reached skill level 12 in Polearms
  6290 | D:7      | Acquired Okawaru's first power
  7001 | D:8      | Gained mutation: You are resistant to hostile enchantments. [potion of mutation]
  7001 | D:8      | Gained mutation: You are highly resistant to hostile enchantments. [potion of mutation]
  7108 | D:8      | Reached skill level 13 in Polearms
  7108 | D:8      | Reached XP level 10. HP: 58/67 MP: 6/10
  7535 | D:8      | Found a staircase to the Lair.
  8149 | D:9      | Reached skill level 14 in Polearms
  8378 | D:9      | Reached skill level 1 in Armour
  8947 | D:9      | Found a staircase to the Orcish Mines.
  9170 | D:10     | Entered Level 10 of the Dungeon
  9401 | D:4      | Bought the +1 helmet "Ducwaiwa" {Int+4 Slay+5} for 504 gold pieces
 10403 | D:11     | Reached XP level 11. HP: 78/78 MP: 11/11
 10413 | D:11     | Found a burning altar of Makhleb.
 10419 | D:11     | Noticed a hill giant
 10444 | D:11     | Killed a hill giant
 10444 | D:11     | Reached skill level 5 in Fighting
 10983 | Lair:1   | Entered Level 1 of the Lair of Beasts
 11398 | Lair:1   | Received a gift from Okawaru
 11513 | Lair:1   | Reached skill level 5 in Armour
 11967 | Lair:1   | Noticed a four-headed hydra
 11982 | Lair:1   | Killed a four-headed hydra
 13385 | Lair:3   | Acquired Okawaru's second power
 13537 | Lair:3   | Received a gift from Okawaru
 13645 | Lair:3   | Found a labyrinth entrance.
 13661 | Lab      | Entered a labyrinth
 13956 | Lab      | Noticed a minotaur
 13974 | Lab      | Identified a +4 rod of inaccuracy (2/11)
 13974 | Lab      | Slain by a minotaur

Vault maps used:
D:1:      denvon_arrival_hothouse, interstate_on_off, kennysheep_boxes
D:2:      lemuel_coloured_pillars_altar, first_bread
D:3:      ecumenical_altar_2, fountainhead, xom_teletrap_fun, uniq_grinder
D:4:      gup_sewer_entry_pipe, serial_shops, shop, uniq_eustachio, uniq_pikel
D:5:      uniq_duvessa
D:7:      minmay_temple_entry_statues_pillars
D:8:      grunt_lair_entry_elf_guard_hut
D:9:      orc_0_dummy
D:11:     the_bakery, bloody_makhleb
Temple:   grunt_circular_temple_18
Lair:2:   grunt_megastairs_3
Lair:3:   lab_entry_generic, grunt_forest_small_clearings, st_stairs_5,
          lemuel_fruit_tree, serial_bayou_shore_a, lemuel_fruit_fields
Lab:      labyrinth_spiral
Sewer:    sewer_kobold_necro_badplayer

Action                   |  1- 3 |  4- 6 |  7- 9 | 10-12 || total
-------------------------+-------+-------+-------+-------++-------
Melee: Trident           |   161 |   185 |   629 |   750 ||  1725
Throw: Throwing net      |     1 |     5 |     2 |       ||     8
       Tomahawk          |       |       |     1 |    16 ||    17
Invok: Heroism           |       |       |     1 |     4 ||     5
 Abil: Evoke Invisibilit |       |       |     1 |       ||     1
Evoke: Wand              |       |       |       |     2 ||     2
  Use: Scroll            |       |     7 |     8 |    14 ||    29
       Potion            |       |       |     2 |     2 ||     4
 Stab: Sleeping          |     4 |       |     2 |       ||     6
       Held in net/web   |     1 |     1 |     1 |       ||     3
       Distracted        |       |       |     2 |     2 ||     4
       Invisible         |       |       |     5 |       ||     5
  Eat: Chunk             |     2 |     5 |    10 |    19 ||    36
       Bread ration      |       |       |     1 |       ||     1
       Royal jelly       |       |       |     1 |       ||     1
       Pizza             |       |       |       |     1 ||     1
